 Dungeon Crawl Stone Soup version 0.27-a0-828-g8289197e94 (webtiles) character file.

Game seed: 7540851826329817847

5958 banchobear the Poker (level 10, -10/61 HPs)
             Began as a Tengu Monk on Mar 30, 2021.
             Was a High Priest of Ashenzari.
             Mangled by a two-headed ogre
             ... wielding a +0 giant club
              (12 damage)
             ... on level 10 of the Dungeon.
             The game lasted 00:42:56 (12159 turns).

banchobear the Poker (Tengu Monk)                  Turns: 12159, Time: 00:42:56

Health: -10/61     AC: 17    Str: 20    XL:     10   Next: 84%
Magic:  17/17      EV: 13    Int: 18    God:    Ashenzari [*****.]
Gold:   249        SH:  0    Dex: 18    Spells: 2/17 levels left

rFire    + . .     SeeInvis +   k - +3 battleaxe of the Astral Desperation {vorpal, Range, Bglg} (curse)
rCold    + . .     Faith    .   (shield currently unavailable)
rNeg     . . .     Spirit   .   j - +0 plate armour "I Knew You'd Do That" {Melee, Fort} (curse)
rPois    +         Reflect  .   (helmet restricted)
rElec    +         Harm     .   e - +1 cloak of Ashenzari's Gnosis {Cun, Elem} (curse)
rCorr    +         Rampage  .   c - +0 pair of gloves "Thunder Perfect Mind" {Alch, Cun} (curse)
Will     .....     Clarity  +   (boots unavailable)
Stlth    ..........             l - amulet "Augurer of the Sky" {RegenMP, Comp, Alch} (curse)
HPRegen  0.20/turn              a - ring of Ashenzari's Sun {Str+6 Int+8, Bglg, Range} (curse)
MPRegen  0.40/turn              (no ring)

@: resistant, flying quickly and evasively, quick
A: beak, talons 3, nimble flight, horns 1, berserk 1
a: Renounce Religion, Shatter the Chains


You were on level 10 of the Dungeon.
You worshipped Ashenzari.
Ashenzari was extremely pleased with you.
You visited 1 branch of the dungeon, and saw 10 of its levels.
You also visited: Ossuary.

You collected 516 gold pieces.
You spent 267 gold pieces at shops.

Inventory:

Hand Weapons
 k - the cursed +3 battleaxe of the Astral Desperation (weapon) {vorpal, Range, Bglg}
   (You bought it in a shop on level 8 of the Dungeon)

   It inflicts extra damage upon your enemies.
   It has a curse which improves the following skills: Ranged Combat: Slings,
   Bows, Crossbows and Throwing.
   Beguiling: Conjurations, Hexes and Translocations.
 m - a +3 dagger
 n - a +1 trident of venom
Missiles
 f - 57 poisoned darts (quivered)
Armour
 c - the cursed +0 pair of gloves "Thunder Perfect Mind" (worn) {Alch, Cun}
   (You found it on level 3 of the Dungeon)

   It has a curse which improves the following skills: Alchemy: Poison Magic and
   Transmutations.
   Cunning:   Dodging and Stealth.
 e - the cursed +1 cloak of Ashenzari's Gnosis (worn) {Cun, Elem}
   (You found it on level 1 of the Dungeon)

   It has a curse which improves the following skills: Cunning: Dodging and
   Stealth.
   Elements:  Fire Magic, Ice Magic, Air Magic and Earth Magic.
 j - the cursed +0 plate armour "I Knew You'd Do That" (worn) {Melee, Fort}
   (You found it on level 4 of the Dungeon)

   It has a curse which improves the following skills: Melee Combat: Short
   Blades, Long Blades, Axes, Maces & Flails, Polearms, Staves and Unarmed
   Combat.
   Fortitude: Armour and Shields.
Jewellery
 a - the cursed ring of Ashenzari's Sun (left hand) {Str+6 Int+8, Bglg, Range}
   (You found it on level 10 of the Dungeon)

   [ring of strength]

   It affects your strength (+6).
   It affects your intelligence (+8).
   It has a curse which improves the following skills: Beguiling: Conjurations,
   Hexes and Translocations.
   Ranged Combat: Slings, Bows, Crossbows and Throwing.
 l - the cursed amulet "Augurer of the Sky" (around neck) {RegenMP, Comp, Alch}
   (You found it on level 4 of the Dungeon)

   [amulet of magic regeneration]

   It increases your rate of magic regeneration.
   It has a curse which improves the following skills: Companions: Summonings
   and Necromancy.
   Alchemy:   Poison Magic and Transmutations.
Wands
 b - a wand of iceblast (17)
 o - a wand of mindburst (38)
Scrolls
 i - 8 scrolls of identify
 p - 3 scrolls of blinking
Potions
 d - 3 potions of curing
 g - a potion of brilliance
 s - 2 potions of cancellation
 w - 2 potions of flight


   Skills:
 + Level 6.4 Fighting
 - Level 5.0(9.1) Axes
 - Level 7.7(10.9) Polearms
 + Level 5.2(7.8) Armour
 - Level 6.8(10.8) Dodging
 - Level 2.3(5.4) Stealth
 - Level 7.3(10.1) Shields
 * Level 4.1 Spellcasting
 * Level 2.1(5.1) Transmutations
 - Level 5.1(7.7) Air Magic


You had 2 spell levels left.
You knew the following spells:

 Your Spells              Type           Power      Damage    Failure   Level
a - Airstrike             Air            15%        N/A       77%         4
b - Shock                 Conj/Air       72%        1d7       47%         1
c - Static Discharge      Conj/Air       18%        N/A       85%         3
d - Dragon Form           Tmut           11%        N/A       100%        7

Your spell library contained the following spells:

 Spells                   Type           Power      Damage    Failure   Level
 Swiftness                Air            31%        N/A       19%         2
 Corona                   Hex            5%         N/A       93%         1
 Ensorcelled Hibernation  Hex/Ice        10%        N/A       98%         2
 Confusing Touch          Hex            5%         N/A       100%        3
 Dazzling Flash           Conj/Hex       10%        N/A       100%        3
 Tukima's Dance           Hex            5%         N/A       100%        3
 Irradiate                Conj/Tmut      7%         3d16      100%        5
 Lightning Bolt           Conj/Air       9%         1d21      100%        5
 Blade Hands              Tmut           11%        N/A       100%        6
 Statue Form              Tmut/Erth      8%         N/A       100%        6


Dungeon Overview and Level Annotations

Branches:
Dungeon (10/15)            Temple (0/1) D:5         Ossuary (visited)
   Lair: D:8-11         Orc: D:9-12

Altars:
Ashenzari
Hepliaklqana

Shops:
D:1 [   D:5 (   D:8 (

Annotations:
D:10 3 runed translucent doors


Innate Abilities, Weirdness & Mutations

You have a beak for a mouth.
You have claws for feet.
Your magical nature lets you fly swiftly and evasively.
You have a pair of small horns on your head.
You tend to lose your temper in combat.


Message History

You start resting.
HP restored.
You start waiting.
Done waiting.
There is a stone staircase leading up here.
You reach down and open the door.
There is an open door here.
You reach down and open the door.
Found 10 gold pieces.
There is an open door here.
You now have 249 gold pieces (gained 10).
You reach down and open the door.
There is an open door here.
A two-headed ogre comes into view. It is wielding two +0 giant clubs.
The two-headed ogre shouts in stereo!
You hear a roar!
An acid dragon comes into view.
You feel protected.
You hit the two-headed ogre but do no damage.
You claw the two-headed ogre, but do no damage.
Your peck misses the two-headed ogre.
The two-headed ogre hits you with a +0 giant club!
The two-headed ogre hits you with a +0 giant club.
You hit the two-headed ogre. You claw the two-headed ogre.
You headbutt the two-headed ogre. You peck the two-headed ogre.
The two-headed ogre is moderately wounded.
The two-headed ogre hits you with a +0 giant club!!
The two-headed ogre hits you with a +0 giant club.
* * * LOW HITPOINT WARNING * * *
You barely miss the two-headed ogre. You headbutt the two-headed ogre.
You peck the two-headed ogre, but do no damage.
The two-headed ogre is moderately wounded.
The two-headed ogre hits you with a +0 giant club!
* * * LOW HITPOINT WARNING * * *
The two-headed ogre barely misses you.
You completely miss the two-headed ogre.
You peck the two-headed ogre, but do no damage.
The two-headed ogre is moderately wounded.
The two-headed ogre barely misses you.
The two-headed ogre hits you with a +0 giant club!
You die...

#####+############..##
#..........#######'###
#..........'.####.....
#..........#.####.....
#..........#....'.....
#..........######)..<.
######'#############+#
###..#############..
###@#### ####.
###O#### ** ###D#### ,
, ###.### , , ... * ,
,, * ...,* , * ..., *
* * , .....*, , ,+ , *
, , * **, ,


You could see a two-headed ogre and an acid dragon.

Vanquished Creatures
  3 trolls (D:10)
  A hornet (D:9)
  A vampire (D:10)
  2 wyverns
  8 yaks
  2 vampire mosquitoes (D:10)
  Menkaure (D:6)
  2 acid dragons (D:10)
  2 water moccasins (D:8)
  A black bear (D:5)
  A sky beast (D:8)
  3 orc warriors
  3 centaurs
  3 kobold brigands
  A phantom (D:4)
  2 elf skeletons (D:4)
  5 water moccasin zombies (Ossuary)
  A scorpion (D:4)
  A water moccasin skeleton (D:4)
  A howler monkey (D:4)
  10 orc priests
  4 centaur zombies
  2 hounds (D:5)
  2 human zombies (D:4)
  A gnoll shaman (D:7)
  A scorpion zombie (D:5)
  An iguana (D:5)
  7 orc wizards
  A hound zombie (D:5)
  3 mummies
  7 adders
  5 gnolls (D:7)
  A shadow imp (D:7)
  A white imp (D:4)
  An ufetubus (D:5)
  4 adder zombies (Ossuary)
  An adder skeleton (D:4)
  A worm (D:3)
  49 orcs
  5 bats
  7 endoplasms
  3 giant cockroaches
  3 gnoll zombies (Ossuary)
  5 goblins
  5 hobgoblins
  11 jackals
  4 quokkas
  5 ball pythons
  5 frilled lizards
  A goblin zombie (D:6)
  3 hobgoblin zombies
  17 kobolds
  4 kobold zombies (Ossuary)
  An orc skeleton (D:4)
  6 orc zombies
  5 rats
236 creatures vanquished.

Vanquished Creatures (others)
  An orc wizard (D:7)
  An orc (D:4)
2 creatures vanquished.

Grand Total: 238 creatures vanquished

Notes
Turn   | Place    | Note
-------+----------+-------------------------------------------
     0 | D:1      | banchobear the Tengu Monk began the quest for the Orb.
     0 | D:1      | Reached XP level 1. HP: 14/14 MP: 2/2
   156 | D:1      | Reached XP level 2. HP: 19/19 MP: 3/3
   430 | D:1      | Found Goubbekuch's Armour Emporium.
  1094 | D:2      | Reached XP level 3. HP: 18/23 MP: 4/4
  2138 | D:3      | Reached skill level 1 in Armour
  2633 | D:3      | Reached XP level 4. HP: 28/28 MP: 5/5
  3181 | D:3      | Reached skill level 1 in Shields
  3964 | D:4      | Gained mutation: Your magical nature lets you fly swiftly
                  | and evasively. [Tengu growth]
  3964 | D:4      | Reached XP level 5. HP: 32/32 MP: 6/6
  4189 | D:4      | Reached skill level 5 in Polearms
  4189 | D:4      | Reached XP level 6. HP: 26/38 MP: 7/7
  4200 | D:4      | Found a sand-covered staircase.
  4583 | D:4      | Found a broken altar of Ashenzari.
  4590 | D:4      | Became a worshipper of Ashenzari the Shackled
  4682 | D:4      | Found a hazy altar of Hepliaklqana.
  4727 | D:4      | Reached XP level 7. HP: 40/43 MP: 8/8
  4787 | D:4      | Reached * piety under Ashenzari
  5442 | D:4      | Found a hazy altar of Hepliaklqana.
  5463 | D:5      | Entered Level 5 of the Dungeon
  5559 | D:5      | Reached skill level 5 in Dodging
  5575 | D:5      | Found a staircase to the Ecumenical Temple.
  5740 | D:5      | Reached ** piety under Ashenzari
  6048 | D:5      | Learned a level 4 spell: Airstrike
  6050 | D:5      | Learned a level 1 spell: Shock
  6068 | D:5      | Found Arhienor's Antique Weapon Boutique.
  6165 | D:5      | Reached XP level 8. HP: 41/48 MP: 9/9
  7106 | D:6      | Found a sand-covered staircase.
  7113 | Ossuary  | Entered an ossuary
  7200 | Ossuary  | Reached skill level 1 in Air Magic
  7241 | Ossuary  | Reached skill level 1 in Spellcasting
  7363 | D:6      | Reached *** piety under Ashenzari
  7381 | D:6      | Noticed Menkaure
  7390 | D:6      | Killed Menkaure
  7537 | D:6      | Learned a level 3 spell: Static Discharge
  7595 | D:6      | Reached skill level 5 in Fighting
  7595 | D:6      | Reached skill level 5 in Shields
  7943 | D:7      | Reached XP level 9. HP: 44/54 MP: 12/12
  8172 | D:7      | Reached **** piety under Ashenzari
  8464 | D:8      | Gained mutation: You are strong-willed. (Will+) [potion of
                  | mutation]
  8464 | D:8      | Gained mutation: Your movements are slightly less
                  | encumbered by armour. (ER -2) [potion of mutation]
  8467 | D:8      | Lost mutation: You are strong-willed. (Will+) [potion of
                  | mutation]
  8467 | D:8      | Lost mutation: Your movements are slightly less encumbered
                  | by armour. (ER -2) [potion of mutation]
  8467 | D:8      | Gained mutation: You tend to lose your temper in combat.
                  | [potion of mutation]
  8467 | D:8      | Gained mutation: You are robust. (+10% HP) [potion of
                  | mutation]
  8469 | D:8      | Lost mutation: You are robust. (+10% HP) [potion of
                  | mutation]
  8469 | D:8      | Lost mutation: You tend to lose your temper in combat.
                  | [potion of mutation]
  8469 | D:8      | Gained mutation: You tend to lose your temper in combat.
                  | [potion of mutation]
  8469 | D:8      | Lost mutation: You tend to lose your temper in combat.
                  | [potion of mutation]
  8469 | D:8      | Gained mutation: You tend to lose your temper in combat.
                  | [potion of mutation]
  8469 | D:8      | Gained mutation: You have a pair of small horns on your
                  | head. [potion of mutation]
  8524 | D:8      | Found Datinla's Weapon Shop.
  8535 | D:8      | Bought a +1 vorpal battleaxe for 267 gold pieces
  8689 | D:8      | Reached skill level 1 in Axes
  9174 | D:9      | Noticed a hornet
  9182 | D:9      | Paralysed by a hornet for 3 turns
  9185 | D:9      | Killed a hornet
  9186 | D:9      | Reached XP level 10. HP: 4/60 MP: 15/15
  9879 | D:10     | Entered Level 10 of the Dungeon
 10412 | D:10     | Identified the ring "Raus" {Str+6 Int+8}
 10458 | D:10     | Reached skill level 5 in Air Magic
 10962 | D:10     | Learned a level 7 spell: Dragon Form
 11261 | D:10     | Reached ***** piety under Ashenzari
 11301 | D:10     | Reached skill level 1 in Transmutations
 11864 | D:10     | Reached skill level 5 in Armour
 11866 | D:10     | Reached skill level 5 in Axes
 11900 | D:10     | Found a runed translucent gate.
 11900 | D:10     | Noticed a brown ugly thing
 11900 | D:10     | Noticed a purple ugly thing
 11901 | D:10     | Found a runed translucent gate.
 11901 | D:10     | Noticed a white ugly thing
 11901 | D:10     | Noticed a purple ugly thing
 11902 | D:10     | Found a runed translucent gate.
 12153 | D:10     | Noticed a two-headed ogre
 12158 | D:10     | HP: 2/61 [two-headed ogre/+0 giant club (16)]
 12159 | D:10     | Mangled by a two-headed ogre

Illustrated notes

Levels and vault maps discovered:
D:1:      lordsloth_arrival_two_stooges, layout_basic, serial_shops,
          nicolae_shop_statue_plus
D:2:      layout_basic, serial_glass, glass_columns_a, glass_columns_a,
          glass_columns_b, glass_columns_c, glass_columns_a, glass_columns_a,
          glass_columns_a, glass_columns_c
D:3:      layout_basic
D:4:      layout_loops_cross, nzn_hepliaklqana_mist_gate,
          nicolae_ossuary_entry_catacombs, kennysheep_flooded_box,
          evilmike_ruin_ashenzari
D:5:      layout_gridville, temple_statues, serial_shops, kennysheep_little_box
D:6:      layout_gridville, nicolae_ossuary_entry_giza, minmay_misc_feat_roman,
          makhleb_blood_cavern_becter, uniq_menkaure
D:7:      layout_basic
D:8:      layout_basic, serial_shops, shop, roderic_roman_lattice,
          minmay_misc_feat_rugged, minmay_fractal_squares_diagonal_5
D:9:      layout_stronghold
D:10:     layout_roguey [special_room_orc],
          ploomutoo_gammafunk_ghost_potion_laboratory

Skill      XL: |  1  2  3  4  5  6  7  8  9 10 |
---------------+-------------------------------+-----
Polearms       | 4 5 6 7 |  7.7
Armour         | 1 3 4 5 |  5.2
Dodging        | 4 5 6 |  6.8
Shields        | 1 2 3 4 5 6 7 |  7.3
Fighting       | 4 5 6 |  6.4
Air Magic      | 2 4 5 |  5.1
Spellcasting   | 1 3 4 |  4.1
Axes           | 2 5 |  5.0
Transmutations | 2 |  2.1
Stealth        | |  2.3

Action                   |  1- 3 |  4- 6 |  7- 9 | 10-12 || total
-------------------------+-------+-------+-------+-------++-------
Melee: Spear             |    99 |   179 |    77 |       ||   355
       Kick              |    29 |    50 |   110 |    44 ||   233
       Peck              |     6 |    41 |    76 |    27 ||   150
       Trident           |       |       |   256 |       ||   256
       Battleaxe         |       |       |    31 |   122 ||   153
       Headbutt          |       |       |     6 |    25 ||    31
Invok: Curse Item        |       |     1 |     5 |     2 ||     8
       Shatter the Chain |       |       |     2 |       ||     2
Evoke: Wand              |       |       |    12 |     4 ||    16
  Use: Scroll            |     2 |     1 |     6 |     2 ||    11
       Potion            |       |     2 |    11 |     6 ||    19
 Stab: Sleeping          |     4 |       |       |       ||     4
       Invisible         |       |       |       |     2 ||     2
Armor: Robe              |     6 |       |       |       ||     6
       Ring mail         |     4 |       |       |       ||     4
       Chain mail        |    41 |    20 |       |       ||    61
       Plate armour      |       |    64 |   222 |    82 ||   368
Dodge: Dodged            |    44 |    26 |    95 |    88 ||   253
Block: Buckler           |       |    19 |    58 |       ||    77
       Kite shield       |       |       |    68 |       ||    68

Table legend: (Time is in decaauts)
 A = Elapsed time spent in this place.
 B = Non-inter-level travel time spent in this place.
 C = Inter-level travel time spent in this place.
 D = Time resting spent in this place.
 E = Time spent auto-exploring this place.
 F = Levels seen in this place.
 G = Mean time per level.
                   A        B        C        D        E       F      G
               +--------+--------+--------+--------+--------+-----+--------+
         Total |  11753 |  11694 |     59 |   4018 |   3187 |  11 | 1068.5 |
       Dungeon |  11528 |  11469 |     59 |   3992 |   3187 |  10 | 1152.8 |
       Ossuary |    225 |    225 |      0 |     26 |      0 |   1 |  225.0 |
               +--------+--------+--------+--------+--------+-----+--------+

Top non-repeatable levels by time:
    D:10: 2234 daAuts
     D:3: 2094 daAuts
     D:5: 1450 daAuts
     D:4: 1406 daAuts
     D:1: 1025 daAuts
     D:2: 820 daAuts
     D:8: 807 daAuts
     D:9: 749 daAuts
     D:7: 573 daAuts
     D:6: 365 daAuts
 Ossuary: 225 daAuts
